 Dungeon Crawl Stone Soup version 0.31-a0-799-g6bc09d010c (webtiles) character file.

Game seed: 7362906226171087240

57 Essalna the Conjurer (level 3, -1/24 HPs)
             Began as a Demonspawn Conjurer on Sept 19, 2023.
             Was an Initiate of Vehumet.
             Slain by a worm (7 damage)
             ... on level 4 of the Dungeon.
             The game lasted 00:03:54 (2459 turns).

Essalna the Conjurer (Demonspawn Conjurer)          Turns: 2459, Time: 00:03:55

Health: -1/24      AC:  2    Str:  7    XL:     3   Next: 73%
Magic:  1/7        EV: 11    Int: 21    God:    Vehumet [......]
Gold:   120        SH:  3    Dex: 11    Spells: 5/8 levels left

rFire   . . .        d - +0 dagger
rCold   . . .        h - +0 buckler
rNeg    . . .        a - +0 robe
rPois   .            (no helmet)
rElec   .            (no cloak)
rCorr   .            (no gloves)
SInv    .            (no boots)
Will    .....        (no amulet)
Stlth   ++           (no ring)
HPRegen 0.24/turn    (no ring)
MPRegen 0.10/turn

%: no passive effects
@: no status effects
A: powered by death 1, demonic magic 1
a: Renounce Religion


You were on level 4 of the Dungeon.
You worshipped Vehumet.
Vehumet was noncommittal.
You visited 1 branch of the dungeon, and saw 4 of its levels.

You collected 120 gold pieces.

Inventory:

Hand Weapons
 d - a +0 dagger (weapon)
Missiles
 c - a throwing net
Armour
 a - a +0 robe (worn)
 h - a +0 buckler (worn)
Wands
 i - a wand of flame (13)
Scrolls
 e - 2 scrolls of teleportation {unknown}
 g - a scroll of enchant armour {unknown}
Potions
 b - a potion of magic
 f - 2 potions of curing {unknown}


   Skills:
 + Level 0.3 Fighting
 - Level 1.7 Dodging
 + Level 1.9 Stealth
 + Level 3.0 Spellcasting
 + Level 4.7 Conjurations


You had 5 spell levels left.
You knew the following spells:

 Your Spells              Type           Power      Damage    Failure   Level
a - Magic Dart            Conj           88%        1d7       3%          1
b - Searing Ray           Conj           44%        2d6       4%          2

Your spell library contained the following spells:

 Spells                   Type           Power      Damage    Failure   Level
 Dazzling Flash           Conj/Hex       26%        N/A       26%         3
 Fulminant Prism          Conj/Hex       6%         3d7       63%         4
 Iskenderun's Mystic Bla  Conj/Tloc      13%        2d5       63%         4


Dungeon Overview and Level Annotations

Branches:
Dungeon (4/15)
 Temple: D:4-7

Altars:
Makhleb
Trog
Vehumet

Annotations:
D:2 Sigmund
D:3 Ijyb


Innate Abilities, Weirdness & Mutations

You regenerate a little health from kills.
Spells you cast may paralyse adjacent enemies.


Message History

Vehumet accepts your kill. Malevolent energies surge around you.
You miscast Magic Dart.
You are very lightly contaminated with residual magic.
Nothing appears to happen.
The magic dart hits the worm.
The worm is heavily wounded.
Malevolent energies surge around you.
The magic dart hits the worm.
The worm is heavily wounded.
Malevolent energies surge around you.
You are out of magic!
You are out of magic!
You are out of magic!
You are out of magic!
You hit the worm but do no damage.
The worm is heavily wounded.
You hit the worm but do no damage.
The worm is heavily wounded.
The worm closely misses you.
You hit the worm.
The worm is heavily wounded.
The worm barely misses you.
Your magical contamination has completely faded away.
You hit the worm.
The worm is heavily wounded.
You hit the worm.
The worm is severely wounded.
The worm bites you!
You hit the worm but do no damage.
The worm is heavily wounded.
The worm completely misses you.
You hit the worm.
The worm is severely wounded.
You hit the worm.
The worm is severely wounded.
The worm bites you!
* * * LOW HITPOINT WARNING * * *
The worm attacks as it pursues you! The worm bites you!
You die...

#.# #. ###.# ###.#
#...#
....#####.#.###
.............#
..###...###.# #.
#...# #.#
######)###...###.#
.......w@........##
.#####............#
# #............## .#
#.###...###...####..
... #...# #.#.##<†..
.... #...#
#.)....### .###.
........####.# ##
######### #.# #.#


You could see a worm.

Vanquished Creatures
  An adder (D:2)
  3 dart slugs
  3 bats (D:1)
  3 endoplasms
  4 giant cockroaches
  5 goblins
  5 hobgoblins (D:1)
  A jackal (D:4)
  5 kobolds
  A quokka (D:2)
  2 ball pythons (D:3)
  A frilled lizard (D:2)
  2 rats (D:1)
36 creatures vanquished.

Notes
Turn   | Place    | Note
-------+----------+-------------------------------------------
     0 | D:1      | Essalna the Demonspawn Conjurer began the quest for the
                  | Orb.
     0 | D:1      | Reached XP level 1. HP: 13/13 MP: 3/3
   462 | D:1      | Gained mutation: Spells you cast may paralyse adjacent
                  | enemies. [demonic ancestry]
   462 | D:1      | Reached XP level 2. HP: 19/19 MP: 3/5
  1235 | D:1      | Found a faded altar of an unknown god.
  1490 | D:2      | Gained mutation: You regenerate a little health from kills.
                  | [demonic ancestry]
  1490 | D:2      | Reached XP level 3. HP: 24/24 MP: 1/7
  1785 | D:2      | Found a burning altar of Makhleb.
  2082 | D:2      | Noticed Sigmund
  2131 | D:3      | Learned a level 2 spell: Searing Ray
  2132 | D:3      | Found a radiant altar of Vehumet.
  2193 | D:3      | Became a worshipper of Vehumet
  2330 | D:3      | Found a bloodstained altar of Trog.
  2350 | D:3      | Noticed Ijyb
  2459 | D:4      | Slain by a worm

Illustrated notes

Levels and vault maps discovered:
D:1:      beargit_arrival_diablo_church, layout_basic,
          shapermc_ecumenical_altar_mp_vishouse, minmay_misc_feat_enclosed
D:2:      layout_loops_ring, basic_altar, uniq_sigmund
D:3:      layout_basic, mainiacjoe_overflow_surrounded_room,
          mainiacjoe_overflow_small_starburst, nicolae_tso_swordbearing_angel,
          nemelex_altar_shiori, mainiacjoe_overflow_cross_hatched, uniq_ijyb
D:4:      layout_loops_ring, amcnicky_altar_gilded, serial_shops, shop,
          dk_noncrumbling_4, minmay_misc_feat_cross, uniq_grinder

Skill      XL: |  1  2  3 |
---------------+----------+-----
Spellcasting   | 3 |  3.0
Fighting       | |  0.3
Dodging        | |  1.7
Stealth        | |  1.9
Conjurations   | |  4.7

Action                     || total
---------------------------++-------
  Melee: Dagger            ||    36
   Cast: Magic Dart        ||    85
 Armour: Robe              ||    23
  Dodge: Dodged            ||    22

Table legend: (Time is in decaauts)
 A = Elapsed time spent in this place.
 B = Non-inter-level travel time spent in this place.
 C = Inter-level travel time spent in this place.
 D = Time resting spent in this place.
 E = Time spent auto-exploring this place.
 F = Levels seen in this place.
 G = Mean time per level.
                   A        B        C        D        E       F      G
               +--------+--------+--------+--------+--------+-----+--------+
         Total |   2458 |   2386 |     72 |      0 |   2116 |   4 |  614.5 |
       Dungeon |   2458 |   2386 |     72 |      0 |   2116 |   4 |  614.5 |
               +--------+--------+--------+--------+--------+-----+--------+

Top non-repeatable levels by time:
     D:1: 1273 daAuts
     D:2: 852 daAuts
     D:3: 240 daAuts
     D:4: 91 daAuts
